 Dungeon Sprint DCSS version 0.17.1-3-g152610e (webtiles) character file.

1682 Kokonut the Unseen (level 8, -9/37 HPs)
             Began as a Spriggan Assassin on Feb 29, 2016.
             Was a Follower of Dithmenos.
             Shot with an arrow by a centaur warrior (25 damage)
             ... in the Dungeon (Sprint I: "Red Sonja").
             The game lasted 00:03:09 (429 turns).

Kokonut the Unseen (Spriggan Assassin)               Turns: 429, Time: 00:03:09

Health: -9/37      AC:  5    Str:  7    XL:     8   Next: 71%
Magic:  9/9        EV: 31    Int: 13    God:    Dithmenos [*.....]
Gold:   646        SH:  0    Dex: 19    Spells: 0 memorised, 7 levels left

rFire  + . .     SeeInvis +     b - +0 blowgun
rCold  + . .     Clarity  .     o - +2 robe {rC+ rF+}
rNeg   . . .     SustAt   .     (shield restricted)
rPois  .         Gourm    .     (helmet restricted)
rElec  .         Spirit   .     d - +0 cloak
rCorr  .         Warding  .     (gloves unavailable)
rMut   .         NoTele   +     (boots unavailable)
MR     +....                    (no amulet)
Stlth  +++++++++.               (no ring)
                                (no ring)

@: wreathed by umbra, very quick, somewhat resistant to hostile enchantments,
incredibly stealthy
A: unfitting armour, see invisible, herbivore 3, speed 3, slow metabolism 2
a: Renounce Religion


You were in the Dungeon.
You worshipped Dithmenos.
Dithmenos was aware of your devotion.
You were not hungry.

You visited 1 branch You collected 668 gold pieces.
You spent 22 gold pieces at shops.

Inventory:

Hand Weapons
 a - a +2 dagger
 b - a +0 blowgun (weapon)
Missiles
 e - 8 poisoned needles
 f - 6 curare-tipped needles (quivered)
Armour
 c - a +0 robe
 d - a +0 cloak (worn)
 o - a +2 robe of resistance (worn)
Wands
 n - a wand of digging (16)
 p - a wand of polymorph (8)
Scrolls
 m - a scroll of blinking
Potions
 h - a potion of curing
 i - a potion of heal wounds
 j - a potion of haste
 k - 2 potions of magic
 l - 2 potions of berserk rage
Comestibles
 g - 2 bread rations


   Skills:
 - Level 1.5 Fighting
 + Level 11.5 Short Blades
 - Level 2.0 Throwing
 + Level 14.3 Dodging
 + Level 18.8 Stealth


You had 7 spell levels left.
You didn't know any spells.

Dungeon Overview and Level Annotations

Branches:
Dungeon (1/1)

Altars:
Cheibriados
Dithmenos
Elyvilon
Fedhas
Gozag
Kikubaaqudgha
Makhleb
Nemelex Xobeh
Okawaru
Qazlal
Ru
Sif Muna
Trog
Vehumet
Xom
Yredelemnul
Zin
The Shining One
Jiyva

Shops:
D [([


Innate Abilities, Weirdness & Mutations

You are tiny and cannot use many weapons and most armour.
You have supernaturally acute eyesight.
You are a herbivore.
You cover ground extremely quickly.
You need consume almost no food.


Message History

The curare-tipped needle closely misses the centaur warrior.
The centaur warrior shoots an arrow.
The arrow completely misses you.
The centaur warrior shoots an arrow.
The arrow completely misses you.
Firing (i - inventory. (,) - cycle):
f - 8 curare-tipped needles (quivered)
Press: ? - help, Shift-Dir - straight line, f/p - centaur warrior
Aim: a centaur warrior, wielding a longbow of flaming (purple smoke)
You shoot a curare-tipped needle.
The curare-tipped needle completely misses the centaur warrior.
Firing (i - inventory. (,) - cycle):
f - 7 curare-tipped needles (quivered)
Press: ? - help, Shift-Dir - straight line, f/p - centaur warrior
Aim: a centaur warrior, wielding a longbow of flaming (purple smoke, umbra)
You shoot a curare-tipped needle.
The curare-tipped needle hits the centaur warrior.
The centaur warrior is poisoned.
The centaur warrior convulses.
The centaur warrior seems to slow down.
The centaur warrior is lightly wounded.
You hear a splash.
The centaur warrior shoots an arrow.
The arrow hits you!!
Ouch! That really hurt!
You die...

#####################
<.#..'..#.)'..#__#..+
..'..#..'..#..'..'..#
..#####+#####'#__####
..####..#...#.####§§#
..#__####..##)#§≈§§§#
.)#_..__##'#..+§§§c.+
⌠⌠#_.∩..†'..._#≈c§§§#
###_..._##_.#'##@####
#_____###'#[#(...###
###########.####'###.##
∩........'...'..†..'|∩#
##++++####.).##########
##.## #+#


You could see 2 centaur warriors.

Vanquished Creatures
  Sonja (D)
  A deep troll (D)
  A slime creature (D)
  Sigmund (D)
  A yak (D)
  An ogre (D)
  A jelly (D)
  Ijyb (D)
8 creatures vanquished.

Notes
Turn   | Place    | Note
--------------------------------------------------------------
     0 | D        | Kokonut the Spriggan Assassin began the quest for the Orb.
     0 | D        | Reached XP level 1. HP: 10/10 MP: 2/2
     1 | D        | Noticed Ijyb
     4 | D        | Killed Ijyb
     4 | D        | Reached skill level 8 in Stealth
     4 | D        | Reached XP level 2. HP: 14/14 MP: 3/3
     6 | D        | Noticed an ogre
    28 | D        | Killed an ogre
    28 | D        | Reached skill level 5 in Short Blades
    28 | D        | Reached skill level 11 in Stealth
    28 | D        | Reached XP level 3. HP: 18/18 MP: 4/4
    28 | D        | Reached XP level 4. HP: 22/22 MP: 5/5
    52 | D        | Noticed Sigmund
    55 | D        | Killed Sigmund
    55 | D        | Reached skill level 14 in Stealth
    55 | D        | Reached XP level 5. HP: 25/25 MP: 6/6
    55 | D        | Reached XP level 6. HP: 30/30 MP: 7/7
    68 | D        | Found a snail-covered altar of Cheibriados.
    68 | D        | Found a viscous altar of Jiyva.
    68 | D        | Found a shadowy altar of Dithmenos.
    68 | D        | Found a blossoming altar of Fedhas.
    68 | D        | Noticed a slime creature
    71 | D        | Killed a slime creature
    71 | D        | Reached skill level 10 in Dodging
    71 | D        | Reached skill level 15 in Stealth
    73 | D        | Became a worshipper of Dithmenos the Shadowed
    89 | D        | Found a deep blue altar of Sif Muna.
    89 | D        | Noticed a jelly
    91 | D        | Found a radiant altar of Vehumet.
   100 | D        | Killed a jelly
   304 | D        | Found Remeisuir's Antique Weapon Emporium.
   304 | D        | Found a white marble altar of Elyvilon.
   304 | D        | Found a stormy altar of Qazlal.
   304 | D        | Found a burning altar of Makhleb.
   304 | D        | Found a sacrificial altar of Ru.
   304 | D        | Found a basalt altar of Yredelemnul.
   304 | D        | Found a glowing golden altar of the Shining One.
   304 | D        | Found a sparkling altar of Nemelex Xobeh.
   304 | D        | Found a shimmering altar of Xom.
   304 | D        | Found an opulent altar of Gozag.
   304 | D        | Found an ancient bone altar of Kikubaaqudgha.
   304 | D        | Found a glowing silver altar of Zin.
   304 | D        | Noticed a yak
   305 | D        | Found an iron altar of Okawaru.
   306 | D        | Killed a yak
   306 | D        | Reached skill level 16 in Stealth
   306 | D        | Reached XP level 7. HP: 33/33 MP: 8/8
   307 | D        | Found a bloodstained altar of Trog.
   319 | D        | Noticed Sonja
   323 | D        | Killed Sonja
   323 | D        | Reached * piety under Dithmenos
   323 | D        | Reached skill level 10 in Short Blades
   323 | D        | Reached skill level 17 in Stealth
   323 | D        | Reached XP level 8. HP: 37/37 MP: 9/9
   340 | D        | Found Vihikkuque's Antique Armour Boutique.
   348 | D        | Bought a runed robe for 22 gold pieces
   370 | D        | Noticed a deep troll
   374 | D        | Killed a deep troll
   374 | D        | Reached skill level 18 in Stealth
   384 | D        | Found Sesexaowk's Armour Emporium.
   421 | D        | Noticed a centaur warrior
   421 | D        | Noticed a centaur warrior
   429 | D        | Shot with an arrow by a centaur warrior

Action                   |  1- 3 |  4- 6 |  7- 9 || total
-------------------------+-------+-------+-------++-------
Melee: Dagger            |     1 |    10 |     2 ||    13
 Fire: Blowgun           |     8 |       |     4 ||    12
 Stab: Sleeping          |     1 |     3 |     2 ||     6
